 Dungeon Crawl Stone Soup version 0.26.1-11-gd32895ea62 (webtiles) character file.

Game seed: 15856986051665879703

105 Zeld the Cudgeller (level 4, 0/29 HPs)
             Began as an Octopode Warper on May 16, 2021.
             Slain by an orc
             ... wielding a +0 flail
              (8 damage)
             ... on level 3 of the Dungeon.
             The game lasted 00:04:41 (3194 turns).

Zeld the Cudgeller (Octopode Warper)                Turns: 3194, Time: 00:04:41

Health: 0/29       AC:  1    Str: 11    XL:     4   Next: 83%
Magic:  8/8        EV: 13    Int: 15    God:
Gold:   137        SH:  0    Dex: 11    Spells: 8/8 levels left

rFire    . . .     SeeInvis .   a - +0 mace
rCold    . . .     Faith    .   (no shield)
rNeg     . . .     Spirit   .   (helmet restricted)
rPois    .         Reflect  .   (no amulet)
rElec    .         Harm     .   (no ring)
rCorr    .         Rampage  .   (no ring)
Will     .....                  (no ring)
Stlth    ++........             (no ring)
HPRegen  0.09/turn              (no ring)
MPRegen  0.11/turn              (no ring)
                                (no ring)
                                (no ring)

@: no status effects
A: almost no armour, stealthy swim, amphibious, 8 rings, constrict 8, camouflage
1, gelatinous body 1
a: no special abilities


You were on level 3 of the Dungeon.
You visited 1 branch of the dungeon, and saw 3 of its levels.

You collected 137 gold pieces.

Inventory:

Hand Weapons
 a - a +0 mace (weapon)
Missiles
 b - 5 boomerangs of dispersal (quivered)
Jewellery
 l - an uncursed ring of see invisible {unknown}
Wands
 o - a wand of flame (17)
Scrolls
 c - a scroll of blinking
 e - a scroll of fog {unknown}
 h - a scroll of noise {unknown}
 i - a scroll of amnesia {unknown}
 j - 2 scrolls of remove curse {unknown}
 m - 2 scrolls of identify {unknown}
Potions
 d - a potion of flight {unknown}
 f - a potion of curing {unknown}
 g - a potion of brilliance {unknown}
 k - a potion of invisibility {unknown}
 n - a potion of mutation {unknown}
 p - a potion of berserk rage {unknown}


   Skills:
 - Level 2.0 Fighting
 * Level 3.7 Maces & Flails
 - Level 1.0 Throwing
 - Level 2.3 Dodging
 + Level 2.8 Spellcasting
 + Level 3.6 Translocations


You had 8 spell levels left.
You didn't know any spells.
Your spell library contained the following spells:

 Spells                   Type           Power        Failure   Level
 Blink                    Tloc           N/A          7%          2
 Gell's Gravitas          Tloc           6%           14%         3
 Lesser Beckoning         Tloc           6%           14%         3
 Teleport Other           Tloc           13%          14%         3
 Passage of Golubria      Tloc           N/A          41%         4


Dungeon Overview and Level Annotations

Branches:
Dungeon (3/15)

Altars:
Ashenzari
Cheibriados
Xom


Innate Abilities, Weirdness & Mutations

You cannot wear most types of armour.
You are very stealthy in the water. (Stealth+)
You are amphibious.
You can wear up to eight rings at the same time.
You can use your tentacles to constrict eight enemies at once.
Your skin changes colour to match your surroundings (Stealth+).
Your rubbery body absorbs attacks. (AC +1, EV +1)


Message History

You kill the orc!
You completely miss the orc. You grab the orc.
You squeeze the orc, but do no damage.
The orc is heavily wounded.
You constrict the orc, but do no damage.
The orc hits you with a +0 flail.
* * * LOW HITPOINT WARNING * * *
Unknown command.
You release your grip on the orc.
Found a stone staircase leading down.
Things that are here:
a +0 club; a +0 ring mail
Found a scroll of blinking.
There is a dry fountain here.
There is a stone staircase leading up here.
You completely miss the orc. You grab the orc. You squeeze the orc.
The orc is heavily wounded.
You constrict the orc, but do no damage.
The orc hits you with a +0 flail!
You die...

#.. #.# ... #.### # #.#..
.#.#.##### #.#.####### #
.#.#..?... #.#.#.....#.#
#..........###.#@..#.#.#.###
...# #......o.)........>#
#...#.. #..#.#.#.#.#.#.#.#.#
....... #....#.#.#...#.#
.####. ###..#.#.#####o#
..⌠.##+##.⌠#...#.......#
.#†........#....########
#.#.......####..........
......(...#...#.........


You could see an orc.

Vanquished Creatures
  An orc priest (D:3)
  An ooze (D:1)
  2 worms
  2 dart slugs
  2 leopard geckos
  3 orcs
  2 giant cockroaches (D:1)
  6 goblins (D:1)
  6 hobgoblins
  3 jackals (D:1)
  8 kobolds
  7 bats
  6 frilled lizards
  5 rats
54 creatures vanquished.

Notes
Turn   | Place    | Note
-------+----------+-------------------------------------------
     0 | D:1      | Zeld the Octopode Warper began the quest for the Orb.
     0 | D:1      | Reached XP level 1. HP: 14/14 MP: 3/3
   127 | D:1      | Reached XP level 2. HP: 12/19 MP: 5/5
   753 | D:1      | Reached XP level 3. HP: 14/24 MP: 6/6
  2219 | D:2      | Reached XP level 4. HP: 27/29 MP: 7/7
  2496 | D:2      | Found a snail-covered altar of Cheibriados.
  2931 | D:3      | Found a shimmering altar of Xom.
  3057 | D:3      | Found a broken altar of Ashenzari.
  3194 | D:3      | Slain by an orc

Illustrated notes

Levels and vault maps discovered:
D:1:      dpeg_arrival_rooms_a, layout_basic, skrybe_limestone_x
D:2:      layout_loops_corners, lemuel_round_altar, minmay_misc_feat_pillars
D:3:      layout_basic, xom_teletrap_fun, evilmike_ruin_ashenzari,
          kennysheep_generic_room_8

Skill      XL: |  1  2  3 |
---------------+----------+-----
Maces & Flails | 3 |  3.7
Fighting       | |  2.0
Throwing       | |  1.0
Dodging        | |  2.3
Spellcasting   | |  2.8
Translocations | |  3.6

Action                   |  1- 3 |  4- 6 || total
-------------------------+-------+-------++-------
Melee: Mace              |    80 |    32 ||   112
       Constrict         |    23 |    11 ||    34
       Tentacles         |     8 |     9 ||    17
 Stab: Sleeping          |     3 |       ||     3
Armor: Skin              |     6 |     7 ||    13
Dodge: Dodged            |    54 |    22 ||    76
